 Dungeon Crawl Stone Soup version 0.31.0-11-ge490571c62 (webtiles) character file.

Game seed: 2786988182584554923

459 Bnni the Twirler (level 7, -2/56 HPs)
             Began as a Formicid Fighter on Feb 8, 2024.
             Was an Initiate of Hepliaklqana.
             Slain by Pikel
             ... wielding a +1 whip of freezing
              (3 damage)
             ... on level 4 of the Dungeon.
             The game lasted 00:05:01 (2930 turns).

Bnni the Twirler (Formicid Fighter)                 Turns: 2930, Time: 00:05:02

Health: -2/56      AC: 14    Str: 23    XL:     7   Next: 28%
Magic:  7/7        EV:  8    Int:  7    God:    Hepliaklqana [......]
Gold:   209        SH:  5    Dex: 13    Spells: 6/6 levels left

rFire   . . .        n - +4 quarterstaff (chaos)
rCold   . . .        c - +0 buckler
rNeg    . . .        l - +2 chain mail {rPois}
rPois   +            (helmet unavailable)
rElec   .            o - +0 cloak
rCorr   .            (no gloves)
SInv    +            e - +1 pair of boots
Will    +....        (no amulet) Stlth
                     a - ring of willpower
HPRegen 0.29/turn    (no ring)
MPRegen 0.10/turn

%: no passive effects
@: no status effects
A: permanent stasis, dig shafts and tunnels, antennae 3, four strong arms
a: Dig, Shaft Self, Renounce Religion


You were on level 4 of the Dungeon.
You worshipped Hepliaklqana.
Hepliaklqana was noncommittal.
You visited 2 branches of the dungeon, and saw 5 of its levels.

You collected 209 gold pieces.

Inventory:

Hand Weapons
 m - a +2 dagger of venom
 n - a +4 quarterstaff of chaos (weapon)
Missiles
 p - 8 poisoned darts
Armour
 c - a +0 buckler (worn)
 e - a +1 pair of boots (worn)
 l - a +2 chain mail of poison resistance (worn)
 o - a +0 cloak (worn)
Jewellery
 a - a ring of willpower (left hand)
Scrolls
 h - 2 scrolls of poison {unknown}
 i - a scroll of enchant armour {unknown}
 j - 2 scrolls of identify {unknown}
 r - a scroll of revelation {unknown}
Potions
 b - a potion of attraction {unknown}
 d - 2 potions of might
 f - 2 potions of resistance {unknown}
 g - 2 potions of curing
 k - a potion of enlightenment {unknown}
 q - a potion of haste {unknown}
 s - a potion of lignification {unknown}


   Skills:
 + Level 5.5 Fighting
 * Level 6.1 Staves
 - Level 3.2 Armour
 - Level 4.0 Shields
 + Level 0.1 Invocations


You had 6 spell levels left.
You didn't know any spells.
Your spell library contained the following spells:

 Spells                   Type           Power      Damage    Failure   Level
 Summon Forest            Summ/Tloc      0%         N/A       100%        5
 Summon Mana Viper        Hex/Summ       0%         N/A       100%        5
 Summon Cactus Giant      Summ           0%         N/A       100%        6


Dungeon Overview and Level Annotations

Branches:
Dungeon (4/15)             Temple (1/1) D:4

Altars:
Ashenzari
Cheibriados
Dithmenos
Elyvilon
Hepliaklqana
Kikubaaqudgha
Makhleb
Nemelex Xobeh
Okawaru
Qazlal
Sif Muna
Uskayaw
Xom
Zin

Annotations:
D:4 Pikel


Innate Abilities, Weirdness & Mutations

You cannot be hasted, slowed, berserked, paralysed or teleported.
You can dig through walls and to a lower floor.
You have a pair of large antennae on your head. (SInv)
Your four strong arms can wield two-handed weapons with a shield.


Message History

Pikel freezes you.
You completely miss Pikel. Pikel hits you but does no damage.
Unknown command.
You barely miss Pikel.
Pikel hits you with a +1 whip of freezing.
Pikel freezes you.
Unknown command.
You closely miss Pikel.
Pikel hits you with a +1 whip of freezing.
Pikel freezes you.
Unknown command.
You hit Pikel but do no damage.
Pikel hits you with a +1 whip of freezing.
Pikel freezes you.
You closely miss Pikel.
A lemure comes into view.
Pikel hits you but does no damage.
Unknown command.
You closely miss Pikel.
The lemure shouts!
Pikel hits you but does no damage.
Unknown command.
You closely miss Pikel.
Pikel says, "Hell isn't that bad."
You block Pikel's attack.
Unknown command.
You hit Pikel but do no damage.
Pikel hits you with a +1 whip of freezing.
Pikel freezes you.
* * * LOW HITPOINT WARNING * * *
Unknown command.
You hit Pikel but do no damage.
Pikel seems to grow stronger.
Pikel hits you but does no damage.
Unknown command.
You closely miss Pikel.
Pikel hits you with a +1 whip of freezing!
* * * LOW HITPOINT WARNING * * *
Pikel freezes you.
You die...
Pikel says, "See you in Hell!"

##.### #....)..###....#
#...###....#...#...#
#####...#...†.#.....#
#..........#####.>.##
#.............#.....#
#............#...#...#
#....)..........###....
#########......#. #..##
##@###... .... #K# ##..
..... #5# ..... #5.
###,


You could see Pikel (strong) and 2 lemures.

Vanquished Creatures
  2 lemures (D:4)
  Blork the orc (D:4)
  A hound (D:4)
  Crazy Yiuf (D:2)
  Jessica (D:2)
  An iguana (D:3)
  Natasha (thrice) (D:2)
  7 gnolls
  5 adders
  3 ribbon worms
  3 orcs (D:3)
  8 ball pythons
  7 bats
  7 endoplasms
  3 giant cockroaches
  5 hobgoblins
  5 jackals (D:2)
  2 quokkas
  3 frilled lizards (D:3)
  6 goblins
  10 kobolds
  5 rats
89 creatures vanquished.

Notes
Turn   | Place    | Note
-------+----------+-------------------------------------------
     0 | D:1      | Bnni the Formicid Fighter began the quest for the Orb.
     0 | D:1      | Reached XP level 1. HP: 18/18 MP: 1/1
    69 | D:1      | Reached XP level 2. HP: 24/24 MP: 2/2
   528 | D:1      | Reached XP level 3. HP: 30/30 MP: 3/3
   698 | D:1      | Reached skill level 3 in Staves
  1053 | D:2      | Noticed Natasha
  1080 | D:2      | Found a faded altar of an unknown god.
  1084 | D:2      | Killed Natasha
  1085 | D:2      | Reached XP level 4. HP: 37/37 MP: 4/4
  1162 | D:2      | Found a shadowy altar of Dithmenos.
  1219 | D:2      | Noticed Natasha
  1224 | D:2      | Killed Natasha
  1225 | D:2      | Reached skill level 4 in Staves
  1225 | D:2      | Reached XP level 5. HP: 42/43 MP: 5/5
  1236 | D:2      | Noticed Natasha
  1245 | D:2      | Killed Natasha
  1387 | D:2      | Found a runed translucent door.
  1388 | D:2      | Noticed Crazy Yiuf
  1452 | D:2      | Noticed Jessica
  1463 | D:2      | Killed Jessica
  1584 | D:2      | Reached XP level 6. HP: 43/49 MP: 6/6
  1631 | D:2      | Reached skill level 5 in Staves
  1722 | D:2      | Killed Crazy Yiuf
  1723 | D:2      | Reached skill level 5 in Fighting
  2742 | D:4      | Noticed Blork the orc
  2751 | D:4      | Killed Blork the orc
  2752 | D:4      | Reached XP level 7. HP: 54/56 MP: 7/7
  2806 | D:4      | Reached skill level 6 in Staves
  2808 | D:4      | Found a staircase to the Ecumenical Temple.
  2813 | Temple   | Entered the Ecumenical Temple
  2841 | Temple   | Became a worshipper of Hepliaklqana the Forgotten
  2912 | D:4      | Noticed Pikel
  2930 | D:4      | HP: 1/56 [Pikel/+1 whip of freezing (14)]
  2930 | D:4      | Slain by Pikel

Illustrated notes

Levels and vault maps discovered:
D:1:      dpeg_arrival_arbitrary_a, layout_basic, dreamdust_mushroom_princess
D:2:      layout_basic, shapermc_ecumenical_altar_gd, basic_altar,
          kennysheep_generic_room_14, uniq_crazy_yiuf_cottage, uniq_jessica,
          uniq_natasha
D:3:      layout_loops_cross, chequers_jeans
D:4:      layout_basic, minmay_temple_entry_arrows,
          mainiacjoe_ossuary_entry_dusty_tomb, minmay_ruptured, uniq_pikel,
          uniq_blork_the_orc
Temple:   nicolae_temple_superstar

Skill      XL: |  1  2  3  4  5  6  7 |
---------------+----------------------+-----
Staves         | 3 4 5 6 |  6.1
Fighting       | 4 5 |  5.5
Armour         | |  3.2
Shields        | |  4.0
Invocations    | |  0.1

Action                     |  1- 3 |  4- 6 |  7- 9 || total
---------------------------+-------+-------+-------++-------
  Melee: Quarterstaff      |   101 |   129 |    30 ||   260
         Dagger            |       |    32 |       ||    32
Ability: Dig               |       |     1 |       ||     1
    Use: Potion            |       |     1 |       ||     1
 Armour: Scale mail        |    74 |     7 |       ||    81
         Chain mail        |       |    91 |    26 ||   117
  Dodge: Dodged            |    52 |    58 |     7 ||   117
  Block: Buckler           |    39 |    25 |     2 ||    66
